 Dungeon Crawl Stone Soup version 0.29.1-2-gbd0b4ee654 (webtiles) character file.

Game seed: 3375391253975965347

26697 nshep25 the Bludgeoner (level 13, -8/115 HPs)
             Began as a Minotaur Fighter on Nov 2, 2022.
             Was an Initiate of Gozag.
             Killed from afar by a ynoxinul (27 damage)
             ... with an iron shot
             ... summoned by an orc high priest
             ... on level 2 of the Orcish Mines.
             The game lasted 00:40:01 (12131 turns).

nshep25 the Bludgeoner (Minotaur Fighter)          Turns: 12131, Time: 00:40:02

Health: -8/115     AC: 30    Str: 29    XL:     13   Next: 0%
Magic:  0/12       EV:  8    Int:  8    God:    Gozag
Gold:   2664       SH:  0    Dex: 10    Spells: 12/12 levels left

rFire   + + +      SeeInvis +   t - +9 great mace of Livesk {vorpal, *Noise rF++ rCorr Int+3}
rCold   . . .      Faith    .   (shield currently unavailable)
rNeg    . . .      Spirit   .   B - +10 plate armour of Spite {rElec Str+3 SInv}
rPois   +          Reflect  .   (helmet restricted)
rElec   +          Harm     .   h - +0 cloak {rCorr}
rCorr   +          Rampage  .   O - +1 pair of gloves {infuse}
Will    +....                   P - +0 pair of boots {Fly}
Stlth   ..........              k - amulet of Creativity {Fragile rElec rF+ Regen+}
HPRegen 1.09/turn               i - ring of poison resistance
MPRegen 0.13/turn               F - ring of willpower

@: about to teleport, gold aura, flying, studying Polearms
A: horns 2, retaliatory headbutt
a: Renounce Religion, Potion Petition, Call Merchant, Bribe Branch


You were on level 2 of the Orcish Mines.
You worshipped Gozag.
Gozag was most pleased with you.
You visited 3 branches of the dungeon, and saw 14 of its levels.
You also visited: Sewer and Bailey.

You collected 3779 gold pieces.
You spent 998 gold pieces at shops.
You paid 117 gold pieces to Gozag.

Inventory:

Hand Weapons
 n - the +5 hammer "Cannosh" {spect, Will+}
   (You found it on level 2 of the Dungeon)

   When its wielder attacks, the weapon's spirit leaps out and strikes again.
   The spirit shares a part of any damage it takes with its wielder.
   Will:      It increases your willpower.
 t - the +9 great mace of Livesk (weapon) {vorpal, *Noise rF++ rCorr Int+3}
   (You acquired it on level 6 of the Dungeon)

   It inflicts extra damage upon your enemies.
   Int:       It affects your intelligence (+3).
   rF:        It greatly protects you from fire.
   *Noise:    It may make noises in combat.
   rCorr:     It protects you from acid and corrosion.
Missiles
 u - 4 javelins (quivered)
 x - 20 boomerangs
 N - 2 silver boomerangs
Armour
 c - a +0 buckler
 h - a +0 cloak of preservation (worn)
 B - the +10 plate armour of Spite (worn) {rElec Str+3 SInv}
   (You found it on level 9 of the Dungeon)

   Str:       It affects your strength (+3).
   rElec:     It insulates you from electricity.
   SInv:      It lets you see invisible.
 O - a +1 pair of gloves of infusion (worn)
 P - a +0 pair of boots of flying (worn)
Jewellery
 i - a ring of poison resistance (left hand)
 k - the amulet of Creativity (around neck) {Fragile rElec rF+ Regen+}
   (You bought it in a shop on level 2 of the Orcish Mines)

   [amulet of regeneration]

   rF:        It protects you from fire.
   rElec:     It insulates you from electricity.
   Regen:     It increases your rate of health regeneration.
   Fragile:   It will be destroyed if unequipped.
 z - an amulet of regeneration
 F - a ring of willpower (right hand)
 K - a ring of protection from fire
 R - a +4 ring of protection
Wands
 j - a wand of iceblast (16)
 o - a wand of light (4)
 q - a wand of polymorph (7)
 Q - a wand of digging (8)
Scrolls
 b - a scroll of teleportation
 e - 7 scrolls of identify
 s - 4 scrolls of enchant weapon
 v - 3 scrolls of poison
 y - a scroll of fog
 A - 3 scrolls of brand weapon
 E - 6 scrolls of enchant armour
 H - 4 scrolls of amnesia
 T - a scroll of magic mapping
Potions
 a - 6 potions of resistance
 d - 4 potions of might
 f - 8 potions of curing
 g - 2 potions of brilliance
 p - 5 potions of magic
 r - 2 potions of cancellation
 C - a potion of mutation
 G - 3 potions of haste
 J - a potion of berserk rage
 M - a potion of ambrosia
Miscellaneous
 D - a condenser vane
 S - a phial of floods
 V - a lightning rod (4/4)


   Skills:
 + Level 10.8 Fighting
 - Level 3.1(13.9) Axes
 * Level 20.6(20.7) Maces & Flails
 + Level 11.0 Armour
 + Level 1.5 Dodging
 + Level 2.2 Stealth
 + Level 5.4 Shields


You had 12 spell levels left.
You didn't know any spells.
Your spell library contained the following spells:

 Spells                   Type           Power      Damage    Failure   Level
 Sublimation of Blood     Necr           0%         N/A       99%         2
 Wereblood                Tmut           0%         N/A       99%         2
 Gell's Gravitas          Tloc           0%         N/A       100%        3
 Teleport Other           Tloc           0%         N/A       100%        3
 Petrify                  Tmut/Erth      0%         N/A       100%        4
 Blade Hands              Tmut           0%         N/A       100%        5
 Irradiate                Conj/Tmut      0%         3d11      100%        5
 Metabolic Englaciation   Hex/Ice        0%         N/A       100%        5
 Dispersal                Tloc           0%         N/A       100%        6
 Statue Form              Tmut/Erth      0%         N/A       100%        6
 Dragon Form              Tmut           0%         N/A       100%        7
 Summon Hydra             Summ           0%         N/A       100%        7


Dungeon Overview and Level Annotations

Branches:
Dungeon (11/15)            Temple (1/1) D:7            Lair (0/5) D:11
    Orc (1/2) D:11            Elf (0/3) Orc:2         Sewer (visited)
 Bailey (visited)

Altars:
Ashenzari
Cheibriados
Dithmenos
Elyvilon
Fedhas
Gozag
Hepliaklqana
Kikubaaqudgha
Makhleb
Nemelex Xobeh
Okawaru
Qazlal
Ru
Sif Muna
Trog
Uskayaw
Vehumet
Wu Jian
Xom
Yredelemnul
Zin
The Shining One

Shops:
D:1 [   D:3 ?   D:10 =   Orc:2 (((=


Innate Abilities, Weirdness & Mutations

You have a pair of horns on your head.
You reflexively headbutt those who attack you in melee.


Message History

The orc sorcerer gestures wildly while chanting.
The orc warrior hits you from afar with a +0 halberd!
* * * LOW HITPOINT WARNING * * *
Blink to where?
Press: ? - help, Q - select action, (/) - cycle Dir - move target
Found Esisoymu's Antique Weapon Shop.
As you read the scroll of blinking, it crumbles to dust.
The orc wizard is no longer distracted by gold.
The orc sorcerer mumbles some strange words.
As you read the scroll of teleportation, it crumbles to dust.
You feel strangely unstable.
The orc high priest says, "Oblivion to the unbeliever."
The orc priest miscasts a cantrip.
The orc warrior unwields a +0 glaive.
The orc warrior wields a +0 arbalest.
The orc warrior shoots a bolt.
The bolt completely misses you.
The orc wizard attacks as you move away!
The orc wizard hits you with a +0 dagger.
* * * LOW HITPOINT WARNING * * *
Found Imyeciung's Weapon Emporium.
You thump the orc wizard!
You kill the orc wizard!
The orc knight unwields a +2 great sword.
The orc knight wields a +0 arbalest.
The orc knight shoots a bolt.
The bolt hits you!
* * * LOW HITPOINT WARNING * * *
The orc sorcerer gestures wildly while chanting.
The orc wizard gestures at you while chanting.
The puff of flame hits you but does no damage.
You feel much better.
The neqoxec is distracted by your dazzling golden aura.
The orc knight is distracted by your dazzling golden aura. x2
The orc high priest invokes the aid of Beogh against you.
Beogh smites you!
* * * LOW HITPOINT WARNING * * *
The orc knight shouts! x2; The neqoxec shouts!
The red devil is distracted by your dazzling golden aura.
The ynoxinul gestures at you. The iron shot hits you!!
You die...
Your body crumbles into a pile of gold.

..#.#.....##.# #
..#.#o§.$..#.# #.
##..o3.o.##$$)$# #.
##...o.o3oo##$.##
#..#....ooo....#$.#
#......o.o4....4..#
#..##$o.o.....##..#
#...##3..4.##...##
##∩.@.##.##. .∩##
###∩....... ##
#########


You could see an orc knight (strong), an orc high priest (strong), an ice devil
(summoned), a neqoxec (summoned), a ynoxinul (summoned), an orc sorcerer
(strong), a red devil (summoned, unaware) and an orc priest (strong).

Vanquished Creatures
  A hydra (D:9)
  3 boulder beetles (D:9)
  A catoblepas (D:9)
  2 two-headed ogres
  A centaur warrior (D:9)
  2 orc high priests (Orc:2)
  Lodul (D:11)
  2 orc knights
  2 ugly things (D:9)
  3 orc sorcerers (Orc:2)
  A manticore (D:9)
  A cyclops (D:9)
  A gargoyle (D:10)
  An unseen horror (D:6)
  Psyche (D:9)
  4 komodo dragons (D:11)
  A kobold demonologist (D:11)
  2 efreet (D:9)
  5 trolls
  A hornet (D:9)
  3 shadows
  A wraith (D:9)
  3 wyverns
  8 yaks
  3 vampire mosquitoes (D:11)
  Menkaure (D:7)
  Grum (D:9)
  Edmund (D:4)
  4 wargs
  2 acid dragons
  2 water moccasins
  A swamp drake (D:11)
  An ice beast (D:7)
  A sky beast (D:8)
  28 orc warriors
  8 ogres (D:11)
  2 wolves (D:9)
  6 centaurs
  9 kobold brigands
  3 bullfrogs
  3 scorpions
  3 necrophages
  13 wights
  18 killer bees
  2 electric eels (D:11)
  3 howler monkeys (D:8)
  8 crimson imps (D:7)
  19 orc priests
  5 hounds
  Crazy Yiuf (D:2)
  A gnoll bouda (D:6)
  4 jellies
  Jessica (D:2)
  Ijyb (D:2)
  8 iguanas
  24 orc wizards
  8 gnolls (D:6)
  14 adders
  2 river rats
  A shadow imp (D:7)
  A white imp (D:6)
  A howler monkey simulacrum (D:9)
  2 ufetubi
  11 worms
  2 dart slugs
  62 orcs
  7 endoplasms
  6 giant cockroaches
  17 goblins
  6 hobgoblins
  8 quokkas
  8 ball pythons
  A bat (D:2)
  2 frilled lizards
  29 kobolds
  7 rats
433 creatures vanquished.

Vanquished Creatures (others)
  An orc priest (Orc:2)
1 creature vanquished.

Grand Total: 434 creatures vanquished

Notes
Turn   | Place    | Note
-------+----------+-------------------------------------------
     0 | D:1      | nshep25 the Minotaur Fighter began the quest for the Orb.
     0 | D:1      | Reached XP level 1. HP: 19/19 MP: 0/0
   111 | D:1      | Found a faded altar of an unknown god.
   164 | D:1      | Found Xozel's Armour Shoppe.
   169 | D:1      | Reached XP level 2. HP: 18/27 MP: 1/1
   961 | D:2      | Identified the +8 short sword of the Final Decision {venom,
                  | rF+ rCorr Dex+2}
   994 | D:2      | Reached XP level 3. HP: 33/33 MP: 2/2
  1001 | D:2      | Identified the +3 hammer "Junke" {flame, *Corrode rF++
                  | Dex+4}
  1021 | D:2      | Found a runed translucent door.
  1022 | D:2      | Noticed Crazy Yiuf
  1026 | D:2      | Killed Crazy Yiuf
  1035 | D:2      | Identified the +5 hammer "Cannosh" {spect, Will+}
  1164 | D:2      | Noticed Jessica
  1169 | D:2      | Killed Jessica
  1170 | D:2      | Reached XP level 4. HP: 41/41 MP: 3/3
  1176 | D:2      | Noticed Ijyb
  1186 | D:2      | Reached skill level 1 in Maces & Flails
  1187 | D:2      | Killed Ijyb
  1403 | D:2      | Reached XP level 5. HP: 42/47 MP: 4/4
  1876 | D:3      | Reached skill level 2 in Maces & Flails
  2082 | D:3      | Found Inteng's Magic Scroll Shoppe.
  2224 | D:3      | Reached skill level 3 in Maces & Flails
  2575 | D:4      | Found a glowing golden altar of the Shining One.
  2577 | D:4      | Found an iron altar of Okawaru.
  2668 | D:4      | Reached skill level 5 in Fighting
  2668 | D:4      | Reached skill level 4 in Maces & Flails
  2668 | D:4      | Reached skill level 5 in Shields
  2668 | D:4      | Reached XP level 6. HP: 54/56 MP: 5/5
  2761 | D:4      | Noticed Edmund
  2771 | D:4      | Killed Edmund
  2772 | D:4      | Reached skill level 5 in Maces & Flails
  3036 | D:4      | Reached skill level 5 in Armour
  3563 | D:5      | Entered Level 5 of the Dungeon
  3622 | D:5      | Reached XP level 7. HP: 56/61 MP: 6/6
  3717 | D:5      | Reached skill level 6 in Maces & Flails
  3763 | D:5      | Reached skill level 7 in Maces & Flails
  3860 | D:5      | Found a glowing drain.
  3873 | Sewer    | Entered a sewer
  4047 | Sewer    | Reached XP level 8. HP: 70/70 MP: 7/7
  4179 | D:5      | Identified the +3 rapier "Lywimamn" {flame, Drain rF+ Int+2
                  | Dex+8}
  4384 | D:5      | Reached skill level 8 in Maces & Flails
  4700 | D:6      | Reached skill level 9 in Maces & Flails
  4713 | D:6      | Killed an unseen horror
  4714 | D:6      | Reached skill level 10 in Maces & Flails
  5072 | D:6      | Reached skill level 1 in Stealth
  5110 | D:6      | Reached XP level 9. HP: 73/77 MP: 8/8
  5206 | D:6      | Identified a scroll of acquirement
  5206 | D:6      | Acquired the +9 great mace of Livesk {vorpal, *Noise rF++
                  | rCorr Int+3}
  5288 | D:7      | Found a staircase to the Ecumenical Temple.
  5295 | Temple   | Entered the Ecumenical Temple
  5331 | Temple   | Became a worshipper of Gozag Ym Sagoz the Greedy
  5345 | D:7      | Reached skill level 11 in Maces & Flails
  5616 | D:7      | Reached skill level 1 in Dodging
  5644 | D:7      | Reached skill level 12 in Maces & Flails
  5916 | D:7      | Noticed Menkaure
  5920 | D:7      | Killed Menkaure
  6194 | D:1      | Bought a +1 pair of gloves of infusion for 214 gold pieces
  6194 | D:1      | Bought a +0 pair of boots of flying for 149 gold pieces
  6428 | D:8      | Reached skill level 13 in Maces & Flails
  6610 | D:8      | Reached XP level 10. HP: 86/86 MP: 4/9
  6633 | D:8      | Found a flagged portal.
  6685 | Bailey   | Entered a bailey
  6946 | Bailey   | Noticed an orc knight
  6962 | Bailey   | Reached skill level 14 in Maces & Flails
  6967 | Bailey   | Killed an orc knight
  7052 | Bailey   | Found a bloodstained altar of Trog.
  8087 | D:9      | Reached skill level 15 in Maces & Flails
  8115 | D:9      | Noticed Grum
  8123 | D:9      | Killed Grum
  8568 | D:9      | Noticed a boulder beetle
  8568 | D:9      | Noticed a boulder beetle
  8568 | D:9      | Noticed a manticore
  8568 | D:9      | Noticed a five-headed hydra
  8574 | D:9      | Noticed a cyclops
  8577 | D:9      | Killed a manticore
  8581 | D:9      | Noticed a boulder beetle
  8584 | D:9      | Killed a five-headed hydra
  8585 | D:9      | Reached XP level 11. HP: 67/95 MP: 0/10
  8588 | D:9      | Killed a boulder beetle
  8589 | D:9      | Reached skill level 16 in Maces & Flails
  8601 | D:9      | HP: 4/95 [boulder beetle (5)]
  8605 | D:9      | Killed a boulder beetle
  8695 | D:9      | Killed a boulder beetle
  8744 | D:9      | Noticed a red ugly thing
  8751 | D:9      | Killed a red ugly thing
  8762 | D:9      | Identified the +10 plate armour of Spite {rElec Str+3 SInv}
  8783 | D:9      | Found a runed translucent door.
  8783 | D:9      | Noticed a centaur warrior
  8784 | D:9      | Noticed a purple ugly thing
  8785 | D:9      | Found a runed translucent door.
  8785 | D:9      | Found a runed translucent door.
  8785 | D:9      | Noticed a catoblepas
  8805 | D:9      | Killed a centaur warrior
  8806 | D:9      | Reached skill level 17 in Maces & Flails
  8810 | D:9      | Killed a purple ugly thing
  8813 | D:9      | Killed a catoblepas
  9027 | D:9      | Noticed Psyche
  9037 | D:9      | Killed Psyche
  9089 | D:9      | Noticed a two-headed ogre
  9094 | D:9      | Killed a two-headed ogre
  9577 | D:9      | Found a bloodstained altar of Trog.
  9595 | D:10     | Entered Level 10 of the Dungeon
  9665 | D:10     | Reached skill level 18 in Maces & Flails
  9759 | D:10     | Found Kocromid's Jewellery Boutique.
 10166 | D:10     | Reached XP level 12. HP: 98/106 MP: 7/11
 10526 | D:11     | Identified the +5 falchion of Golden Trial by Ordeal
                  | {vorpal, *Rage rElec Dex+5 SInv}
 10527 | D:11     | Reached skill level 10 in Armour
 10557 | D:11     | Found a staircase to the Orcish Mines.
 10788 | D:11     | Reached skill level 19 in Maces & Flails
 10803 | D:11     | Noticed Lodul
 10819 | D:11     | Killed Lodul
 11095 | D:11     | Reached skill level 10 in Fighting
 11269 | D:11     | Found a staircase to the Lair.
 11446 | Orc:1    | Entered Level 1 of the Orcish Mines
 11446 | Orc:1    | You are sucked into a shaft and drop 1 floor!
 11446 | Orc:2    | Entered Level 2 of the Orcish Mines
 11446 | Orc:2    | Found Zeifacs's Jewellery Shop.
 11457 | Orc:2    | Noticed an orc high priest
 11494 | Orc:2    | HP: 3/106 [orc/+0 short sword[an orc high priest] (4)]
 11496 | Orc:2    | Noticed a two-headed ogre
 11520 | Orc:2    | Found a staircase to the Elven Halls.
 11622 | Orc:2    | Killed a two-headed ogre
 11631 | Orc:2    | Reached skill level 20 in Maces & Flails
 11761 | Orc:2    | Killed an orc high priest
 11853 | Orc:2    | Bought the amulet of Creativity {Fragile rElec rF+ Regen+}
                  | for 635 gold pieces
 12084 | Orc:2    | Found Ozeog's Antique Weapon Shop.
 12114 | Orc:2    | Noticed an orc high priest
 12118 | Orc:2    | Killed an orc high priest
 12119 | Orc:2    | Noticed an orc high priest
 12123 | Orc:2    | Reached XP level 13. HP: 109/115 MP: 0/12
 12126 | Orc:2    | Found Esisoymu's Antique Weapon Shop.
 12128 | Orc:2    | Found Imyeciung's Weapon Emporium.
 12129 | Orc:2    | HP: 1/115 [orc knight/bolt (15)]
 12131 | Orc:2    | Killed from afar by a ynoxinul

Illustrated notes

Levels and vault maps discovered:
D:1:      amcnicky_arrival_wind_blow, layout_rooms,
          chequers_ecumenical_altar_twisty, serial_shops, shop,
          bh_walls_and_bars
D:2:      kennysheep_the_goblin_king, layout_basic, uniq_crazy_yiuf_cottage,
          uniq_jessica
D:3:      layout_loops_ring, serial_shops, nicolae_shop_waterfront,
          hangedman_decor_lopped
D:4:      layout_loops_ring, chequers_temple_overflow_statue_of_worship,
          uniq_edmund, uniq_ijyb
D:5:      layout_gridville, portal_sewer_entry_b, chequers_jeans, minivault_19,
          nicolae_wormholes
D:6:      layout_rooms
D:7:      layout_basic, minmay_temple_entry_tees, minmay_nine_imps,
          uniq_menkaure
D:8:      layout_layer_cave, enter_bailey_3
D:9:      minmay_the_grid_triangle_9x9_recursive_2
          [minmay_the_grid_triangle_9x9_prize_top_heavy,
          minmay_the_grid_triangle_9x9_windchime,
          minmay_the_grid_triangle_9x9_fully_insulated_deathbox,
          minmay_the_grid_triangle_9x9_impossible_snake], layout_basic,
          lemuel_tele_altar, uniq_grum, uniq_psyche
D:10:     layout_loops_corners, serial_shops, shop_statue
D:11:     layout_basic, erik_lair_dragon, erik_orc_4, uniq_lodul
Temple:   hellmonk_temple_of_storms
Orc:1:    layout_diamond_mine, serial_shops, nicolae_shop_advertising_works
          [nicolae_subvault_shop_adworks]
Orc:2:    st_orc_elflike, layout_caves, serial_shops, shop

Skill      XL: |  1  2  3  4  5  6  7  8  9 10 11 12 |
---------------+-------------------------------------+-----
Fighting       | 4 5 6 7 8 9 10 | 10.8
Shields        | 4 5 |  5.4
Armour         | 4 5 6 7 8 9 11 | 11.0
Axes           | 3 |  3.1
Maces & Flails | 1 4 5 7 10 13 15 18 20 | 20.6
Stealth        | 1 2 |  2.2
Dodging        | 1 |  1.5

Action                   |  1- 3 |  4- 6 |  7- 9 | 10-12 | 13-15 || total
-------------------------+-------+-------+-------+-------+-------++-------
Melee: War axe           |    39 |       |       |       |       ||    39
       Headbutt          |     9 |     7 |    31 |    61 |       ||   108
       Mace              |     3 |    98 |   172 |       |       ||   273
       Great mace        |       |       |   116 |   428 |     2 ||   546
Throw: Javelin           |       |     1 |       |       |       ||     1
  Use: Scroll            |     4 |    11 |     8 |     6 |     2 ||    31
       Potion            |       |       |       |     5 |     1 ||     6
 Stab: Distracted        |       |       |     2 |     4 |       ||     6
Armor: Scale mail        |    12 |       |       |       |       ||    12
       Chain mail        |     9 |    37 |       |       |       ||    46
       Skin              |       |     2 |       |       |       ||     2
       Plate armour      |       |     5 |   188 |   263 |     3 ||   459
Dodge: Dodged            |    11 |    26 |    76 |   147 |     1 ||   261
Block: Buckler           |     7 |    20 |    26 |       |       ||    53
